 Dungeon Crawl Stone Soup version 0.29.0-4-gdea44cf6ec (webtiles) character file.

Game seed: 10352210489858535073

214 qw the Chopper (level 5, -1/30 HPs)
             Began as a Tengu Warper on Aug 28, 2022.
             Killed by nerve-wracking pain
             ... invoked by an orc priest
              (10 damage)
             ... on level 7 of the Dungeon.
             The game lasted 00:00:20 (3559 turns).

qw the Chopper (Tengu Warper)                       Turns: 3559, Time: 00:00:20

Health: -1/30      AC: 10    Str: 14    XL:     5   Next: 92%
Magic:  9/9        EV:  7    Int: 13    God:
Gold:   231        SH:  0    Dex: 13    Spells: 8/8 levels left

rFire   . . .      SeeInvis .   Y - +0 war axe
rCold   . . .      Faith    .   (no shield)
rNeg    . . .      Spirit   .   j - +0 chain mail
rPois   .          Reflect  .   (helmet restricted)
rElec   .          Harm     .   a - +0 cloak
rCorr   .          Rampage  .   e - +0 pair of gloves
Will    .....                   (boots unavailable)
Stlth   ..........              (no amulet)
HPRegen 0.10/turn               (no ring)
MPRegen 0.11/turn               (no ring)

@: flying quickly and evasively, quick
A: beak, talons 3, nimble flight
a: no special abilities


You were on level 7 of the Dungeon.
You visited 1 branch of the dungeon, and saw 5 of its levels.

You collected 231 gold pieces.


Innate Abilities, Weirdness & Mutations

You have a beak for a mouth.
You have claws for feet.
Your magical nature lets you fly swiftly and evasively.


   Skills:
 - Level 2.0 Fighting
 + Level 6.2 Axes
 - Level 1.0 Throwing
 - Level 2.1 Armour
 - Level 2.1 Dodging
 - Level 2.0 Spellcasting
 - Level 2.4 Translocations


You had 8 spell levels left.
You didn't know any spells.
Your spell library contained the following spells:

 Spells                   Type           Power      Damage    Failure   Level
 Blink                    Tloc           14%        N/A       98%         2
 Gell's Gravitas          Tloc           7%         N/A       100%        3
 Lesser Beckoning         Tloc           7%         N/A       100%        3
 Teleport Other           Tloc           7%         N/A       100%        3
 Manifold Assault         Tloc           7%         N/A       100%        5

Inventory:

Hand Weapons
 l - a +0 morningstar
 Y - a +0 war axe (weapon)
Armour
 a - a +0 cloak (worn)
 e - a +0 pair of gloves (worn)
 j - a +0 chain mail (worn)
Scrolls
 c - a scroll of identify
 h - a scroll of teleportation
 i - a scroll of torment {unknown}
Potions
 b - a potion of mutation
 d - a potion of haste
 f - a potion of curing {unknown}
 g - a potion of berserk rage {unknown}
 k - a potion of lignification {unknown}

Dungeon Overview and Level Annotations

Branches:
Dungeon (4/15)
 Temple: D:4-7

Altars:

Shops:
D:3 :

Annotations:
D:3 1 runed translucent door, Crazy Yiuf


Message History

The orc wizard shouts!
You barely miss the orc wizard.
You peck the orc wizard, but do no damage.
You completely miss the orc priest.
The orc priest hits you but does no damage.
The orc wizard points at you and mumbles some strange words.
The puff of flame hits you but does no damage.
You closely miss the orc wizard. You claw the orc wizard!
Your peck misses the orc wizard.
The orc wizard is heavily wounded.
You hit the orc priest. The orc priest barely misses you.
The orc wizard casts a spell at you. The magic dart hits you.
You slash the orc wizard!
You kill the orc wizard!
You hit the orc priest but do no damage.
The orc priest completely misses you.
The orc priest mumbles some strange prayers to Beogh against you.
Pain shoots through your body!
Your Armour skill increases to level 2!
You closely miss the orc priest. Your kick misses the orc priest.
The orc priest is lightly wounded.
The orc priest closely misses you.
You barely miss the orc priest. Your kick misses the orc priest.
You peck the orc priest.
The orc priest is lightly wounded.
The orc priest looks satisfied for a moment.
You barely miss the orc priest.
The orc priest is lightly wounded.
The orc priest hits you with a +0 hand axe.
You hit the orc priest. Your kick misses the orc priest.
The orc priest is heavily wounded.
The orc priest hits you with a +0 hand axe.
You hit the orc priest but do no damage.
You claw the orc priest.
The orc priest is almost dead.
The orc priest invokes the aid of Beogh against you.
Pain shoots through your body!
You die...

#. #. ..
#<## #..##
####...##
+....)..#
#...@o#
#.....#
#.....#
#.....#
####)## #.#
#.#
...######.#
..........#


You could see an orc priest.

Vanquished Creatures
  A jelly (D:2)
  An orc priest (D:3)
  2 orc wizards
  2 adders (D:2)
  A worm (D:2)
  3 dart slugs
  7 orcs
  3 bats
  3 endoplasms
  3 giant cockroaches (D:1)
  3 goblins
  9 hobgoblins
  4 jackals (D:2)
  8 kobolds
  3 quokkas
  7 ball pythons
  3 frilled lizards
  5 rats
68 creatures vanquished.

Notes
Turn   | Place    | Note
-------+----------+-------------------------------------------
     0 | D:1      | qw the Tengu Warper began the quest for the Orb.
     0 | D:1      | Reached XP level 1. HP: 12/12 MP: 4/4
     0 | D:1      | 0 ||| qw: Version: 0.1-a-89-g26bdef1
     0 | D:1      | 0 ||| qw: Game counter: 2260
     0 | D:1      | 0 ||| qw: Always use a shield: true
     0 | D:1      | 0 ||| qw: God list: Okawaru
     0 | D:1      | 0 ||| qw: Allow faded altars: false
     0 | D:1      | 0 ||| qw: Do Orc after D:15 true
     0 | D:1      | 0 ||| qw: Do second Lair branch before Depths: true
     0 | D:1      | 0 ||| qw: Lair rune preference: random
     0 | D:1      | 0 ||| qw: Plans: Normal
     0 | D:1      | 0 ||| PLANNING D:1-11
    36 | D:1      | 36 ||| Stepping ~*~*~tactically~*~*~ (stealth).
    38 | D:1      | 38 ||| Stepping ~*~*~tactically~*~*~ (stealth).
   108 | D:1      | 108 ||| SWAPPING to +0 war axe.
   110 | D:1      | Reached XP level 2. HP: 17/17 MP: 6/6
   110 | D:1      | 110 ||| Stepping ~*~*~tactically~*~*~ (stealth).
   112 | D:1      | Reached skill level 3 in Axes
   112 | D:1      | 112 ||| DROPPING +0 hand axe.
   129 | D:1      | 129 ||| Stepping ~*~*~tactically~*~*~ (stealth).
   132 | D:1      | 132 ||| Stepping ~*~*~tactically~*~*~ (stealth).
   137 | D:1      | 137 ||| Stepping ~*~*~tactically~*~*~ (stealth).
   138 | D:1      | 138 ||| Stepping ~*~*~tactically~*~*~ (stealth).
   140 | D:1      | 140 ||| Stepping ~*~*~tactically~*~*~ (stealth).
   141 | D:1      | 141 ||| Stepping ~*~*~tactically~*~*~ (stealth).
   149 | D:1      | 149 ||| Stepping ~*~*~tactically~*~*~ (stealth).
   153 | D:1      | 153 ||| Stepping ~*~*~tactically~*~*~ (stealth).
   154 | D:1      | 154 ||| Stepping ~*~*~tactically~*~*~ (stealth).
   158 | D:1      | 158 ||| Stepping ~*~*~tactically~*~*~ (stealth).
   159 | D:1      | 159 ||| Stepping ~*~*~tactically~*~*~ (stealth).
   160 | D:1      | 160 ||| Stepping ~*~*~tactically~*~*~ (stealth).
   519 | D:1      | Reached XP level 3. HP: 19/21 MP: 7/7
   847 | D:1      | Reached skill level 4 in Axes
  1027 | D:1      | 1027 ||| UPGRADING to +0 ring mail.
  1037 | D:1      | 1037 ||| DROPPING +0 leather armour.
  1038 | D:1      | 1038 ||| READING scroll labelled RIWEEG YFIN.
  1039 | D:1      | 1039 ||| READING scroll labelled YJALICSUGUR.
  1042 | D:1      | 1042 ||| READING scroll labelled NUSTEK DULO KUTZ.
  1043 | D:1      | 1043 ||| DROPPING scroll of blinking.
  1076 | D:2      | 1076 ||| Stepping ~*~*~tactically~*~*~ (stealth).
  1088 | D:2      | HP: 5/21 [hobgoblin/+0 whip (8)]
  1089 | D:2      | Reached XP level 4. HP: 6/26 MP: 8/8
  1351 | D:2      | 1351 ||| Stepping ~*~*~tactically~*~*~ (stealth).
  1427 | D:2      | Reached skill level 5 in Axes
  1584 | D:2      | 1584 ||| FLEEEEING.
  1585 | D:2      | 1585 ||| FLEEEEING.
  1586 | D:2      | 1586 ||| FLEEEEING.
  1587 | D:2      | 1587 ||| FLEEEEING.
  1588 | D:2      | 1588 ||| FLEEEEING.
  1589 | D:2      | 1589 ||| FLEEEEING.
  1590 | D:2      | 1590 ||| FLEEEEING.
  1591 | D:2      | 1591 ||| FLEEEEING.
  1592 | D:2      | 1592 ||| FLEEEEING.
  1593 | D:2      | 1593 ||| FLEEEEING.
  1594 | D:2      | 1594 ||| FLEEEEING.
  1595 | D:2      | 1595 ||| FLEEEEING.
  1600 | D:2      | 1600 ||| FLEEEEING.
  1601 | D:2      | 1601 ||| FLEEEEING.
  1602 | D:2      | 1602 ||| FLEEEEING.
  1603 | D:2      | 1603 ||| FLEEEEING.
  1616 | D:2      | 1616 ||| FLEEEEING.
  1616 | D:2      | HP: 5/26 [hobgoblin/stone (4)]
  1617 | D:2      | 1617 ||| FLEEEEING.
  1618 | D:2      | 1618 ||| FLEEEEING.
  1619 | D:2      | 1619 ||| FLEEEEING.
  1623 | D:2      | 1623 ||| FLEEEEING.
  1624 | D:2      | 1624 ||| FLEEEEING.
  1625 | D:2      | 1625 ||| FLEEEEING.
  1626 | D:2      | 1626 ||| FLEEEEING.
  1627 | D:2      | 1627 ||| FLEEEEING.
  1628 | D:2      | 1628 ||| FLEEEEING.
  1633 | D:2      | 1633 ||| STAIRDANCE
  1874 | D:1      | 1874 ||| READING scroll labelled RUTONW GIH KAL.
  1875 | D:1      | 1875 ||| READING scroll labelled PUYNWY PIENG.
  1883 | D:2      | Found a faded altar of an unknown god.
  2052 | D:2      | 2052 ||| Stepping ~*~*~tactically~*~*~ (stealth).
  2053 | D:2      | 2053 ||| Stepping ~*~*~tactically~*~*~ (stealth).
  2054 | D:2      | 2054 ||| Stepping ~*~*~tactically~*~*~ (stealth).
  2061 | D:2      | 2061 ||| Stepping ~*~*~tactically~*~*~ (stealth).
  2064 | D:2      | 2064 ||| Stepping ~*~*~tactically~*~*~ (stealth).
  2141 | D:2      | 2141 ||| UPGRADING to +0 cloak.
  2146 | D:2      | 2146 ||| READING 3 scrolls of identify.
  2146 | D:2      | 2146 ||| IDENTIFYING amethyst potion
  2147 | D:2      | 2147 ||| READING 2 scrolls of identify.
  2147 | D:2      | 2147 ||| IDENTIFYING silvery potion
  2230 | D:3      | 2230 ||| Stepping ~*~*~tactically~*~*~ (stealth).
  2235 | D:3      | 2235 ||| Stepping ~*~*~tactically~*~*~ (stealth).
  2239 | D:3      | 2239 ||| Stepping ~*~*~tactically~*~*~ (stealth).
  2246 | D:3      | Gained mutation: Your magical nature lets you fly swiftly
                  | and evasively. [Tengu growth]
  2246 | D:3      | Reached XP level 5. HP: 23/30 MP: 9/9
  2249 | D:3      | HP: 7/30 [orc/+1 antimagic dagger (2)]
  2523 | D:3      | Found Qotil's Vocational Training.
  2808 | D:3      | Found a runed translucent door.
  2809 | D:3      | Noticed Crazy Yiuf
  2874 | D:3      | 2874 ||| Stepping ~*~*~tactically~*~*~ (hiding).
  2878 | D:3      | Reached skill level 6 in Axes
  3101 | D:3      | 3101 ||| DROPPING +0 whip.
  3237 | D:3      | 3237 ||| UPGRADING to +0 pair of gloves.
  3242 | D:3      | 3242 ||| UPGRADING to +0 chain mail.
  3252 | D:3      | 3252 ||| DROPPING +0 ring mail.
  3253 | D:3      | 3253 ||| READING scroll labelled WASIN SOVVEUDGH.
  3311 | D:4      | 3311 ||| Stepping ~*~*~tactically~*~*~ (stealth).
  3357 | D:4      | 3357 ||| Stepping ~*~*~tactically~*~*~ (hiding).
  3362 | D:4      | 3362 ||| Stepping ~*~*~tactically~*~*~ (hiding).
  3533 | D:4      | You are sucked into a shaft and drop 3 floors!
  3559 | D:7      | Killed from afar by an orc priest

Levels and vault maps discovered:
D:1:      dpeg_arrival_arbitrary_c, layout_loops_ring, minmay_misc_feat_encased,
          hangedman_decor_push, corexii_leaking_fountain, kennysheep_crisscross
D:2:      layout_rooms, basic_ecumenical_altar, st_stairs_9
D:3:      layout_basic, nicolae_shop_vocational, uniq_crazy_yiuf_cottage
D:4:      layout_cave_pods
D:7:      cheibrodos_steamvent, layout_loops_corners,
          lemuel_coloured_pillars_altar, temple_statues

Skill      XL: |  1  2  3  4  5 |
---------------+----------------+-----
Axes           | 3 4 5 6 |  6.2
Armour         | 2 |  2.1
Fighting       | |  2.0
Throwing       | |  1.0
Dodging        | |  2.1
Spellcasting   | |  2.0
Translocations | |  2.4

Action                   |  1- 3 |  4- 6 || total
-------------------------+-------+-------++-------
Melee: Hand axe          |     5 |       ||     5
       Kick              |     7 |    18 ||    25
       War axe           |    48 |    75 ||   123
       Peck              |     5 |    10 ||    15
       Punch             |       |     1 ||     1
Throw: Boomerang         |     7 |       ||     7
  Use: Scroll            |     3 |     5 ||     8
 Stab: Sleeping          |     1 |       ||     1
Armor: Leather armour    |     8 |       ||     8
       Ring mail         |     4 |    13 ||    17
       Chain mail        |       |     7 ||     7
Dodge: Dodged            |    22 |    40 ||    62

Table legend:
 A = Non-vault XP
 B = Vault XP
 C = Vault XP percentage of total XP
 D = Non-vault monster count
 E = Vault monster count
 F = Vault count percentage of total count
                 A         B        C        D         E       F
            +---------+---------+-------+---------+---------+-------
      Total |     304 |       3 |   1.0 |      66 |       2 |   2.9
            +---------+---------+-------+---------+---------+-------
        D:1 |      51 |       0 |   0.0 |      30 |       0 |   0.0
        D:2 |     105 |       3 |   2.8 |      20 |       2 |   9.1
        D:3 |     102 |       0 |   0.0 |      11 |       0 |   0.0
        D:4 |       8 |       0 |   0.0 |       3 |       0 |   0.0
        D:7 |      38 |       0 |   0.0 |       2 |       0 |   0.0
            +---------+---------+-------+---------+---------+-------
